Cogmind - Beta 16 @@@ ROGUE MODE // 2026.01.10 @ 12:51:32 Player: Artackni Result: Destroyed by 0I-1JP(R) with Subdweller Laser Performance ------------- Evolutions (0) 0 Regions Visited (2) 400 Robots Destroyed (24) 120 Value Destroyed (654) 654 Prototype IDs (0) 0 Alien Tech Used (0) 0 Bonus (0) 0 TOTAL SCORE: 1174 Bonus ------- None Cogmind --------- Core Integrity 0/250 Matter 113/300 Energy 11/100 System Corruption 3% Temperature Cool (6) Movement Rolling (110) Ox2 Location -10/Subcaves Parts ------- > --- POWER (1) -------- (None) > --- PROPULSION (2) --- Wheel > --- UTILITY (2) ------ Large Storage Unit Seismic Detector > --- WEAPON (2) ------- Medium Laser > --- INVENTORY (15) --- Ion Engine Ion Engine Light Treads Light Treads Wheel Compact Wheel Compact Wheel Medium Storage Unit Subdweller Optics Hacking Suite Small Laser Peak State ------------ > --- POWER ------------ Ion Engine > --- PROPULSION ------- Spiked Treads Wheel > --- UTILITY ---------- Large Storage Unit Seismic Detector > --- WEAPON ----------- Grenade Launcher Grenade Launcher > --- INVENTORY -------- Ion Engine Ion Engine Light Treads Light Treads Wheel Compact Wheel Compact Wheel Medium Storage Unit Subdweller Optics Hacking Suite Medium Laser Medium Laser Small Laser [Rating: 9] Favorites ----------- Power Ion Engine Engine Ion Engine Propulsion Wheel Treads Light Treads Wheel Wheel Utility Seismic Detector Device Seismic Detector Storage Small Storage Unit Weapon Medium Laser Energy Gun Medium Laser Ballistic Gun Light Assault Rifle Launcher Grenade Launcher Build | -11 -10 -10 ------- Run | Yrd Mat Sub Slots Evolved . | . . . Power . | . . . Propulsion . | . . . Utility . | . . . Weapon . | . . . Parts Attached 19 | 6 11 2 Power 3 | 1 2 . Engine 3 | 1 2 . Core . | . . . Reactor . | . . . Propulsion 4 | 2 1 1 Treads 2 | 1 . 1 Leg . | . . . Wheel 2 | 1 1 . Hover . | . . . Flight . | . . . Utility 5 | 1 4 . Device 2 | 1 1 . Storage 3 | . 3 . Processor . | . . . Hackware . | . . . Protection . | . . . Artifact . | . . . Weapon 7 | 2 4 1 Energy Gun 4 | 1 3 . Energy Cannon . | . . . Ballistic Gun 1 | 1 . . Ballistic Cannon . | . . . Launcher 2 | . 1 1 Special Weapon . | . . . Impact Weapon . | . . . Slashing Weapon . | . . . Piercing Weapon . | . . . Special Melee Weapon . | . . . Unidentified Prototypes . | . . . Parts Lost 6 | . 2 4 Power 1 | . . 1 Propulsion 1 | . 1 . Utility 1 | . 1 . Weapon 3 | . . 3 Highest Loss Streak 4 | . 2 4 To Critical Strikes . | . . . Average Backups 7 | 2 7 12 Power 1 | . 1 2 Propulsion 3 | 1 3 4 Utility 1 | . . 2 Weapon 1 | . 1 2 Tool/Special . | . . . Unused Backups 7 | . . 7 Power 1 | . . 1 Propulsion 4 | . . 4 Utility 2 | . . 2 Weapon . | . . . Tool/Special . | . . . Average Slot Usage (%) 95 | . 96 89 Engine 13 | . 14 10 Treads 13 | . 14 10 Wheel 13 | . 13 14 Device 12 | . 11 14 Storage 13 | . 13 14 Energy Gun 18 | . 21 3 Ballistic Gun 3 | . 3 . Launcher 6 | . 3 21 Peak Build Rating 9 | 6 8 9 Average Rating 7 | 4 7 7 On Entrance 4 | . 6 8 Avg Prop Armor Cover (%) 12 | 15 12 11 Naked Turns . | . . . Heaviest Build 40 | 6 40 32 Greatest Support 20 | 10 20 10 Greatest Overweight (x) 3 | . 3 3 Average Overweight (x) 1 | . 1 2 Largest Inventory Capacity 15 | 5 15 15 Average Capacity 9 | 5 8 15 Most Carried 13 | 5 12 13 Average Carried 7 | 3 7 12 Final Capacity 15 | 5 15 15 Final Carried 11 | 5 11 11 Class Distribution -------------------- 100% | Mutant Dominant Class ---------------- Mutant | -10/Materials Mutant | -10/Subcaves Resources | -11 -10 -10 ----------- Run | Yrd Mat Sub Matter Collected 494 | 104 347 43 Remotely . | . . . Salvage Created 692 | 40 548 104 Parts 45 | 5 34 6 Haulers Intercepted 2 | . 2 . Recyclers Shooed 1 | . 1 . Parts Field Recycled . | . . . Retrieved Matter . | . . . Parts Self-Destructed 3 | . . 3 Prevented . | . . . Parts Restored . | . . . Kills | -11 -10 -10 ------- Run | Yrd Mat Sub Combat Hostiles Destroyed 16 | . 11 5 Guns 7 | . 6 1 AOE 9 | . 5 4 Classes Destroyed 8 | 1 6 1 Worker 1 | . 1 . Tunneler 2 | 2 . . Hauler 2 | . 2 . Recycler 1 | . 1 . Mechanic 1 | . 1 . Operator 1 | . 1 . Grunt 11 | . 11 . Subdweller 5 | . . 5 Best Kill Streak 5 | 2 5 4 Combat Bots Only 4 | . 3 4 Max Kills in Single Turn 2 | 1 2 1 Gunslinging . | . . . Exploded 2 | . 2 1 Melee . | . . . Uniques/NPCs Destroyed . | . . . Combat | -11 -10 -10 -------- Run | Yrd Mat Sub Hostile Shots Fired 86 | . 46 40 Missed 20 | . 9 11 Hits 66 | . 37 29 Projectile 66 | . 37 29 Critical Strikes 1 | . . 1 Damage Taken 1101 | . 501 600 Core 264 | . 101 163 Absorbed by Shields . | . . . Core Remaining (%) 100 | 100 . . Volleys Fired 79 | 5 50 24 Largest 2 | 1 2 2 Hottest 100 | 40 100 100 Shots Fired 131 | 5 92 34 Gun 107 | 5 86 16 Cannon . | . . . Launcher 24 | . 6 18 Special . | . . . Kinetic 11 | . 11 . Thermal 96 | 5 75 16 Explosive 24 | . 6 18 Electromagnetic . | . . . Robot Hit Streak 15 | 3 15 7 Robot Miss Streak 3 | 2 3 2 Penetration Max . | . . . Secondary Targets . | . . . Shots Hit Robots 81 | 3 56 22 Core Hits 52 | 2 37 13 Critical Kills . | . . . Critical Parts Destroyed . | . . . Critical Strikes 1 | . 1 . Burn 1 | . 1 . Melee Attacks . | . . . Impact . | . . . Slashing . | . . . Piercing . | . . . Sneak Attacks . | . . . Combat Hostiles . | . . . Follow-up Attacks . | . . . Damage Inflicted 2157 | 34 1090 1033 Guns 724 | 34 651 39 Cannons . | . . . Explosions 1433 | . 439 994 Melee . | . . . Ramming . | . . . Kinetic 66 | . 66 . Thermal 658 | 34 585 39 Explosive 1433 | . 439 994 Electromagnetic . | . . . Impact . | . . . Slashing . | . . . Piercing . | . . . Highest Corruption 3 | . 3 3 Average Corruption 2 | . 2 3 Corruption Purged . | . . . Corruption Blocked . | . . . Effects 12 | . 9 3 Message Errors 3 | . 3 . Matter Fused 1 | . . 1 Energy Discharges 2 | . 2 . Parts Rejected 1 | . . 1 Data Loss (minor) 2 | . 2 . Data Loss (major) 1 | . 1 . Misfires 1 | . 1 . Weapon Failures 1 | . . 1 Overload Shots . | . . . Overflow Damage . | . . . Projectiles . | . . . Explosions . | . . . Melee . | . . . Knockbacks . | . . . Impact . | . . . Kinetic . | . . . Secondary . | . . . Self-Inflicted Damage . | . . . Shots . | . . . Rammed . | . . . Targets Rammed . | . . . Kicked . | . . . Crushed . | . . . Highest Temperature 288 | . 288 . Average Temperature 82 | . 82 . Received Heat Transfer 402 | . 240 162 Siege Activations . | . . . Martial Activations . | . . . Shielding Activations . | . . . Robots Disrupted . | . . . Combat Hostiles . | . . . Robots Corrupted . | . . . Combat Hostiles . | . . . Parts Fried . | . . . Impact Corruptions . | . . . Robots Melted . | . . . Combat Hostiles . | . . . Parts Melted 1 | . . 1 Heat Transferred 1833 | 75 1647 111 Parts Sabotaged . | . . . Parts Stolen . | . . . Parts Stripped . | . . . Power Chain Reactions . | . . . Alert | -11 -10 -10 ------- Run | Yrd Mat Sub Maximum Alert Level . | . . . Low Security (%) 100 | 100 100 . Level 1 . | . . . Level 2 . | . . . Level 3 . | . . . Level 4 . | . . . Level 5 . | . . . High Security . | . . . Max Security . | . . . Peak Influence 130 | 5 130 . Initial 3 | . 3 . Average 37 | . 40 . Influence Increases 367 | 10 357 . Destroy 0b10 Robot/C 220 | . 220 . Destroy 0b10 Robot/NC 40 | 10 30 . Destroy Leader 64 | . 64 . Successful Hack 14 | . 14 . Destroy Structure 29 | . 29 . Influence Decreases 367 | 5 283 79 Entered New Map 41 | . 2 39 Time Decay 306 | 5 261 40 Lost Part 20 | . 20 . Squads Dispatched 4 | . 4 . Investigation 2 | . 2 . Extermination . | . . . Reinforcement 2 | . 2 . Assault . | . . . Garrison . | . . . Intercept . | . . . Searches Triggered . | . . . Construction Impeded . | . . . Haulers Reinforced . | . . . Active Scanning Responses . | . . . Cargo Convoy Interrupts . | . . . Stealth | -11 -10 -10 --------- Run | Yrd Mat Sub Distress Signals 1 | . 1 . Communications Jammed . | . . . Distress Signals . | . . . Times Spotted 28 | . 22 6 Peak Tracking Total 3 | . 3 3 Tactical Retreats . | . . . Traps | -11 -10 -10 ------- Run | Yrd Mat Sub Traps Triggered 3 | . 3 . Indirectly . | . . . Trap Hack Attempts . | . . . Triggered . | . . . Disarmed . | . . . Reprogrammed . | . . . Reused . | . . . Traps Extracted . | . . . Installed . | . . . Triggered . | . . . Machines | -11 -10 -10 ---------- Run | Yrd Mat Sub Machines Disabled . | . . . Max in Single Turn . | . . . Machines Repaired . | . . . Machines Dismantled . | . . . Machines Sabotaged . | . . . Overloaded Fab Kills . | . . . Hacking | -11 -10 -10 --------- Run | Yrd Mat Sub Machines Accessed 5 | . 5 . Terminals 4 | . 4 . Fabricators . | . . . Repair Stations . | . . . Recycling Units 1 | . 1 . Scanalyzers . | . . . Garrison Access . | . . . Total Hacks 8 | . 8 . Successful 5 | . 5 . Failed 3 | . 3 . Catastrophic 1 | . 1 . Database Lockouts . | . . . Manual 4 | . 4 . Terminals 7 | . 7 . Fabricators . | . . . Repair Stations . | . . . Recycling Units 1 | . 1 . Scanalyzers . | . . . Garrison Access . | . . . Terminal Hacks 2 | . 2 . Locate Traps 2 | . 2 . Fabricator Hacks . | . . . Repair Station Hacks . | . . . Recycling Unit Hacks 1 | . 1 . Retrieve Components 1 | . 1 . Scanalyzer . | . . . Garrison Access Hacks . | . . . Unauthorized Hacks 2 | . 2 . Terminals 2 | . 2 . Botnet 1 | . 1 . Operators 1 | . 1 . Fabricators . | . . . Repair Stations . | . . . Recycling Units . | . . . Scanalyzers . | . . . Garrison Access . | . . . Data Cores Recovered . | . . . Used . | . . . Hacking Detections 4 | . 4 . Full Trace Events 1 | . 1 . Feedback Events . | . . . Feedback Blocked . | . . . Robot Schematics Acquired . | . . . Robots Built . | . . . Authchips . | . . . Time . | . . . Total Robot Build Rating . | . . . Part Schematics Acquired . | . . . Parts Built . | . . . Authchips . | . . . Time . | . . . Total Part Build Rating . | . . . Part Studies Acquired . | . . . Parts Repaired . | . . . Time . | . . . Parts Recycled . | . . . Recycled Matter . | . . . Retrieved Matter . | . . . Retrieved Components 10 | . 10 . Parts Scanalyzed . | . . . Part Schematics Acquired . | . . . Parts Damaged . | . . . Bothacking | -11 -10 -10 ------------ Run | Yrd Mat Sub Used RIF Installer . | . . . Robots Hacked . | . . . Non-combat . | . . . Combat . | . . . Robot Hacks Applied . | . . . Relay Couplers Released . | . . . Fabnet Peak Effective % . | . . . Robots Rewired . | . . . Allies Hacked . | . . . Hacks Repelled . | . . . Allies | -11 -10 -10 -------- Run | Yrd Mat Sub Total Allies . | . . . Largest Group . | . . . Highest-Rated Group . | . . . Highest-Rated Ally . | . . . Total Orders . | . . . Ally Attacks . | . . . Total Damage . | . . . Kills . | . . . Allies Corrupted . | . . . Allies Melted . | . . . Intel | -11 -10 -10 ------- Run | Yrd Mat Sub Active Infowar (turns) 901 | 4 721 176 Seismic 901 | 4 721 176 Robot Analysis Total . | . . . Derelict Logs Recovered . | . . . Drone Launches . | . . . Drone Recoveries . | . . . Exploration | -11 -10 -10 ------------- Run | Yrd Mat Sub Turns Passed 1117 | 71 870 176 Spaces Moved 781 | 60 632 89 Core 1 | 1 . . Treads 9 | . 9 . Legs . | . . . Wheels 771 | 59 623 89 Hover . | . . . Flight . | . . . Fastest Speed 50 | 50 80 110 Average Speed 98 | 79 97 123 Slowest Speed 160 | 80 160 125 Overloaded Moves . | . . . Propulsion Burnouts . | . . . Robots Hopped . | . . . Potential Cave-ins . | . . . Cave-ins Triggered . | . . . Exploration Rate (%) 34 | 4 93 7 Regions Visited 2 Branch Regions 1 Pre-discovered Areas . | . . . Known Exits Taken . | . . . Unknown Exits Taken 2 | 1 1 . Scrap Searched . | . . . Spaces Dug 8 | . 8 . Terrain Destroyed 90 | . 27 63 Melee . | . . . Projectile . | . . . AOE 90 | . 27 63 Terrain Rammed . | . . . Walls Destroyed . | . . . Machines Disabled . | . . . Actions | -11 -10 -10 --------- Run | Yrd Mat Sub Total 992 | 75 797 120 Wait 94 | . 92 2 Move 779 | 59 631 89 Hop . | . . . Pick Up 11 | 5 5 1 Fast Attach 8 | 6 2 . Attach 4 | . 2 2 Detach 1 | . 1 . Swap 12 | . 10 2 Drop 4 | . 4 . Fire 79 | 5 50 24 Melee . | . . . Ram . | . . . Kick . | . . . Crush . | . . . Escape Stasis . | . . . Rewire . | . . . Trap . | . . . Miscellaneous . | . . . Route ------- -11/Scrapyard -10/Materials (discovered 5 exits: [*Mat x3] / [*Min] / [*Sub]) -10/Subcaves History --------- Turn | Location | Event 14 | -11/Scrapyard | Discovered new exit (range 16) 72 | -11/Scrapyard | Entered Materials 166 | -10/Materials | Met 8R-AWN 321 | -10/Materials | Build established: Mutant 455 | -10/Materials | Discovered new exit (range 3) 503 | -10/Materials | Discovered new exit (range 8) 655 | -10/Materials | Discovered new exit (range 13) 792 | -10/Materials | Discovered new exit (range 7) 876 | -10/Materials | Discovered new exit (range 6) 942 | -10/Materials | Entered Subcaves 947 | -10/Subcaves | A swath of the cavern ceiling suddenly collapsed 997 | -10/Subcaves | Shifting Twisted Machinery released Spk. Treads 1000 | -10/Subcaves | Shifting Twisted Machinery released Sub. Beam Cannon 1055 | -10/Subcaves | Ambushed by Subdweller buried in earth 1078 | -10/Subcaves | Core integrity fell below 50% 1095 | -10/Subcaves | Core integrity fell below 20% 1118 | -10/Subcaves | Destroyed by 0I-1JP(R) with Subdweller Laser Last Messages --------------- 01063_ The unstable cave ceiling collapses. 01063_ 1N-IA6(R) destroyed. 01065_ The unstable cave ceiling collapses. 01071_ Ion Engine destroyed. 01072_ AX-6Y2(R): "NOSTUCKSUB!" 01072_ XG-YD3(R): "ARGHSUB!" 01073_ System corrupted: Spk. Treads rejected. 01076_ Subatomizers dissect the Spk. Treads. 01076_ System corrupted: Grenade Launcher failed to launch. 01077_ The unstable cave ceiling collapses. 01080_ AX-6Y2(R) destroyed. 01086_ Grenade Launcher destroyed. 01087_ The unstable cave ceiling collapses. 01097_ Subatomizers dissect the Spk. Treads. 01099_ Sub. Optics melted. 01099_ XG-YD3(R) destroyed. 01103_ The unstable cave ceiling collapses. 01108_ Subatomizers dissect the Spk. Treads. 01112_ The unstable cave ceiling collapses. 01114_ Med. Laser destroyed. Map ----- +----------------------------------------------------+ | ?????????????????????????????????????????????????? | | ?????????????????????????????????????????????????? | | ?????????????????????????????????????????????????? | | ?????????????????????????????????????????????????? | | ??????????????????##?????????????????????????????? | | ???????????????# #?????????????????????????????? | | ???????####### ???????????????????????????????? | | ????######## ?????????????????????????????????? | | ???## #"" ????????????????????????????????????? | | ??## ##??????????????????????????????????????? | | ??# "#??????????????????????????????????????? | | ?## ####??????????????????????????????????????? | | # # ## #### ##????????????????????????????????? | | ##"###??????????????????????????????? | | # ### " #??????????????????????????????? | | ### # ## #??????????????????????????????? | | ??## ## ##???????###????????????????????? | | ???## # # ##???#####?## #????????????????????? | | ???# ###### #??## ### ###??????????????????? | | ???# ## # ##### #??????????????????? | | #??## ### # ## """"#??????????????????? | | ## # ## "##?????????????????? | | ?# && ### "]#?????????????????? | | ?# * ## ## ""##""##?????????????????? | | ?# ### #### " ##????????? ???????? | | ?########## ## # ## "@R ###???? ???????? | | ??????????### ## #### ## ??????? | | ????????????# ## # #?## ??????? | | ????????????# # #### = #????? | | ???????????? ## # ## [%| # ????? | | ????????????# ##### ????? | | ????????????###???## ## ## # ????? | | ???????????????????####### ## ##???????? | | ?????????????????????????###### # ##????????? | | ???????????????????????????????? ## ###?????????? | | ???????????????????????????????? ##???????????? | | ?????????????????????????????????####????????????? | | ?????????????????????????????????????????????????? | | ?????????????????????????????????????????????????? | | ?????????????????????????????????????????????????? | | ?????????????????????????????????????????????????? | | ?????????????????????????????????????????????????? | | ?????????????????????????????????????????????????? | | ?????????????????????????????????????????????????? | | ?????????????????????????????????????????????????? | | ?????????????????????????????????????????????????? | | ?????????????????????????????????????????????????? | | ?????????????????????????????????????????????????? | | ?????????????????????????????????????????????????? | | ?????????????????????????????????????????????????? | +----------------------------------------------------+ Best States ------------- Heat Dissipation 25 Energy Generation 10 Energy Capacity 250 Matter Stores 300 Matter Capacity 300 Sight Range 16 Terrain Scan Density 10 Evasion (%) 44 Recoil Reduction 1 Item Schematics ----------------- None Robot Schematics ------------------ None Fabricated ------------ Nothing Repaired ---------- Nothing Studied --------- None Alien Tech Used ----------------- None Achievements -------------- Follow The Leader Challenges ------------ None Game ------ Seed ChromaticMetafieldPlating Manual? 0 Play Time 00:13:34 Cumulative 59.3 hours Start 2026.01.10 @ 12:40:10 End 2026.01.10 @ 12:51:32 Sessions 1 Manual Loads 0 Difficulty Rogue Special Mode None Game No. 22 Rogue 22 Adventurer 0 Explorer 0 Win Type - Total 1 Types 1/0/0/0/0/0/0/0/0/0 Lore% 33 Gallery% 41 Achievement% 35 Wizard Run 0 Options --------- Layout 0 ASCII 0 Keyboard 1 Movement Arrows Keybinds 0 Fullscreen 1 Font 18/SmallcapsGlow Map View 76x50 Zoom Use 0% Tactical HUD 1 Map Filters NONE Filters NONE Steam 1 RUN: 43cc7e72-3a8a-409e-b336-2fa2929f7a40